 Seeded DCSS version 0.32-a0-612-g1c984fe (webtiles) character file.

Game seed: 4771504757520219535 (custom seed)

52378 PurpleRed the Slicer (level 14, -2/91 HPs)
             Began as a Gnoll Chaos Knight on Mar 4, 2024.
             Was the Champion of Okawaru.
             Slain by an 18-headed hydra (5 damage)
             ... on level 4 of the Lair of Beasts.
             The game lasted 01:26:00 (18783 turns).

PurpleRed the Slicer (Gnoll Chaos Knight)          Turns: 18783, Time: 01:26:01

Health: -2/91      AC: 29    Str: 29    XL:     14   Next: 63%
Magic:  26/27      EV: 16    Int: 12    God:    Okawaru [******]
Gold:   1204       SH:  0    Dex: 18    Spells: 14/32 levels left

rFire   + . .        b - +9 lajatang of Fury {venom, Str+6 Dex+2}
rCold   + . .        (shield currently unavailable)
rNeg    . . .        R - +2 plate armour {rF+}
rPois   .            f - +2 hat {SInv}
rElec   .            (no cloak)
rCorr   +            l - +2 pair of gloves of Sophism {rC+ Dex+2}
SInv    +            m - +1 pair of boots
Will    +....        h - amulet of regeneration
Stlth   ++           s - ring of Iseucwijy {Fly rCorr Dex+3 Slay+2}
HPRegen 1.15/turn    P - +6 ring of strength
MPRegen 0.20/turn

%: no passive effects
@: heroic, flying
A: fangs 1, strong nose, distributed training, hooves 1, iridescent scales 1,
see invisible, frail 2
a: Renounce Religion, Heroism, Finesse, Duel, Receive Weapon


You were on level 4 of the Lair of Beasts.
You worshipped Okawaru.
Okawaru was exalted by your worship.
You visited 3 branches of the dungeon, and saw 16 of its levels.
You also visited: Gauntlet and Volcano.

You collected 1204 gold pieces.

Inventory:

Hand Weapons
 b - the +9 lajatang of Fury (weapon) {venom, Str+6 Dex+2}
   (You found it on level 8 of the Dungeon)

   Str+6:     It affects your strength (+6).
   Dex+2:     It affects your dexterity (+2).
Missiles
 j - 2 silver javelins
 u - 10 javelins
 x - 43 poisoned darts (quivered)
 C - 2 throwing nets
 I - a curare-tipped dart
Armour
 f - a +2 hat of see invisible (worn)
 l - the +2 pair of gloves of Sophism (worn) {rC+ Dex+2}
   (Okawaru gifted it to you on level 3 of the Lair of Beasts)

   Dex+2:     It affects your dexterity (+2).
   rC+:       It protects you from cold.
 m - a +1 pair of boots (worn)
 v - the +2 hat of the Unbroken {Harm}
   (You found it in a Gauntlet)

   Harm:      It increases damage dealt and taken.
 D - a +1 buckler of positive energy
 E - a +3 leather armour of poison resistance
 H - a +2 robe of fire resistance
 M - a +2 ring mail of fire resistance
 O - the orb of Autotheism {*channel, Int+5}
   (You found it in a Gauntlet)

   Int+5:     It affects your intelligence (+5).
 R - a +2 plate armour of fire resistance (worn)
Magical Staves
 V - a staff of conjuration
Jewellery
 h - an amulet of regeneration (around neck)
 p - the amulet of Syalala {Acrobat Dex+3}
   (You acquired it on level 8 of the Dungeon)

   [amulet of the acrobat]

   Acrobat:   It increases your evasion while moving and waiting.
   Dex+3:     It affects your dexterity (+3).
 q - a ring of protection from fire
 s - the ring of Iseucwijy (left hand) {Fly rCorr Dex+3 Slay+2}
   (You found it on level 9 of the Dungeon)

   [ring of flight]

   Dex+3:     It affects your dexterity (+3).
   Slay+2:    It affects your accuracy & damage with ranged weapons and melee
   (+2).
   Fly:       It grants you flight.
   rCorr:     It protects you from acid and corrosion.
 P - a +6 ring of strength (right hand)
Talismans
 z - the maw talisman "Ufrieng" {rElec Slay+2}
   (You found it on level 4 of the Dungeon)

   [maw talisman]

   Slay+2:    It affects your accuracy & damage with ranged weapons and melee
   (+2).
   rElec:     It insulates you from electricity.
Wands
 a - a wand of mindburst (13)
 e - a wand of light (3)
 B - a wand of iceblast (27)
 U - a wand of flame (9)
Scrolls
 c - 2 scrolls of fog
 n - 2 scrolls of revelation
 o - a scroll of teleportation
 r - a scroll of brand weapon
 w - 4 scrolls of immolation
 L - a scroll of blinking
 N - a scroll of enchant weapon
 S - a scroll of amnesia
 T - 5 scrolls of enchant armour
 Z - a scroll of silence
Potions
 d - 3 potions of cancellation
 g - a potion of lignification
 i - 5 potions of brilliance
 k - 3 potions of mutation
 t - 2 potions of berserk rage
 y - a potion of ambrosia {unknown}
 A - 10 potions of curing
 F - a potion of haste
 G - 2 potions of attraction
 J - a potion of resistance {unknown}
 K - 3 potions of heal wounds
 Q - a potion of degeneration {unknown}
 X - a potion of magic {unknown}
 Y - 2 potions of might {unknown}
Miscellaneous
 W - a phantom mirror


   Skills:
 + Level 11.7(16.7) Fighting
 + Level 11.7(16.7) Short Blades
 + Level 9.7(14.7) Long Blades
 + Level 9.7(14.7) Axes
 + Level 9.7(14.7) Maces & Flails
 + Level 9.7(14.7) Polearms
 + Level 9.7(14.7) Staves
 + Level 9.7(14.7) Ranged Weapons
 + Level 9.7(14.7) Throwing
 + Level 10.8(15.8) Armour
 + Level 10.1(15.1) Dodging
 + Level 9.7(14.7) Stealth
 + Level 9.7(14.7) Shields
 + Level 9.7(14.7) Unarmed Combat
 + Level 9.7 Spellcasting
 + Level 8.1 Conjurations
 + Level 8.1 Hexes
 + Level 8.1 Summonings
 + Level 8.1 Necromancy
 + Level 8.1 Translocations
 + Level 8.1 Fire Magic
 + Level 8.1 Ice Magic
 + Level 8.1 Air Magic
 + Level 8.1 Earth Magic
 + Level 8.1 Alchemy
 + Level 10.6 Invocations
 + Level 9.7 Evocations
 + Level 8.9 Shapeshifting


You had 14 spell levels left.
You knew the following spells:

 Your Spells              Type           Power      Damage    Failure   Level
a - Freezing Cloud        Conj/Ice/Air   12%        6-21      54%         5
b - Dazzling Flash        Conj/Hex       50%        N/A       7%          3
c - Blink                 Tloc           50%        N/A       3%          2
d - Sticky Flame          Fire/Alch      25%        2d6       22%         4
e - Airstrike             Air            12%        2d(2-18)  22%         4

Your spell library contained the following spells:

 Spells                   Type           Power      Damage    Failure   Level
 Cigotuvi's Dreadful Rot  Necr/Alch/Air  50%        N/A       3%          2
 Lesser Beckoning         Tloc           50%        N/A       3%          2
 Momentum Strike          Conj/Tloc      50%        3d9       3%          2
 Searing Ray              Conj           50%        2d6       3%          2
 Static Discharge         Conj/Air       50%        3-6/arc   3%          2
 Frozen Ramparts          Ice            50%        1d8       7%          3
 Gell's Gravitas          Tloc           25%        N/A       7%          3
 Sigil of Binding         Hex            25%        N/A       7%          3
 Teleport Other           Tloc           25%        N/A       7%          3
 Volatile Blastmotes      Fire/Tloc      50%        2d14      7%          3
 Anguish                  Hex/Necr       12%        N/A       22%         4
 Cause Fear               Hex            12%        N/A       22%         4
 Dimensional Bullseye     Hex/Tloc       12%        N/A       22%         4
 Ignite Poison            Fire/Alch      25%        N/A       22%         4
 Leda's Liquefaction      Alch/Erth      12%        N/A       22%         4
 Petrify                  Alch/Erth      25%        N/A       22%         4
 Lee's Rapid Deconstruct  Erth           12%        3d9*      54%         5
 Metabolic Englaciation   Hex/Ice        12%        N/A       54%         5
 Starburst                Conj/Fire      12%        6d5       98%         6
 Enfeeble                 Hex            12%        N/A       100%        7
 Orb of Destruction       Conj           12%        9d7       100%        7
 Borgnjor's Revivificati  Necr           12%        N/A       100%        8
 Ignition                 Fire           12%        3d6       100%        8
 Maxwell's Capacitive Co  Air            12%        ∞         100%        8
 Death's Door             Necr           12%        N/A       100%        9
 Call Canine Familiar     Summ           Unusable   N/A       N/A         3
 Summon Ice Beast         Ice/Summ       Unusable   N/A       N/A         3
 Animate Armour           Summ/Erth      Unusable   N/A       N/A         4
 Summon Lightning Spire   Summ/Air       Unusable   N/A       N/A         4
 Summon Forest            Summ/Tloc      Unusable   N/A       N/A         5
 Summon Mana Viper        Hex/Summ       Unusable   N/A       N/A         5
 Summon Cactus Giant      Summ           Unusable   N/A       N/A         6
 Haunt                    Necr/Summ      Unusable   N/A       N/A         7
 Monstrous Menagerie      Summ           Unusable   N/A       N/A         7

Dungeon Overview and Level Annotations

Branches:
Dungeon (11/15)            Temple (1/1) D:6            Lair (4/5) D:8
 Shoals (0/4) Lair:3        Snake (0/4) Lair:3          Orc (0/2) D:11
Volcano (visited)         Gauntlet (visited)
  Slime: Lair:4-5

Altars:
Ashenzari
Cheibriados
Dithmenos
Elyvilon
Fedhas
Gozag
Hepliaklqana
Kikubaaqudgha
Makhleb
Nemelex Xobeh
Okawaru
Qazlal
Ru
Sif Muna
Trog
Uskayaw
Vehumet
Wu Jian
Xom
Yredelemnul
Zin
The Shining One

Shops:
D:3 :   D:5 *   D:9 (


Innate Abilities, Weirdness & Mutations

You have very sharp teeth.
Your uncanny sense of smell can sniff out nearby items.
Your experience applies equally to all skills.
You have large cloven feet.
You are partially covered in iridescent scales. (AC +2)
You have supernaturally acute eyesight. (SInv)
You are very frail. (-20% HP)


Message History

The 15-headed hydra bites you but does no damage. x4
The 15-headed hydra bites you!
The 15-headed hydra bites you but does no damage.
The 15-headed hydra misses you. The 15-headed hydra bites you!
The 15-headed hydra bites you but does no damage.
The 15-headed hydra closely misses you. The 15-headed hydra bites you!
You chop one of the 15-headed hydra's heads off!
The 14-headed hydra grows two more!
You slice the 16-headed hydra!!
The 16-headed hydra is severely wounded.
You hear a croak.
You lop one of the 16-headed hydra's heads off!
The 15-headed hydra grows two more!
You slice the 17-headed hydra!!
The 17-headed hydra is severely wounded.
The 17-headed hydra closely misses you. The 17-headed hydra barely misses you.
The 17-headed hydra closely misses you. x4; The 17-headed hydra misses you.
The 17-headed hydra bites you but does no damage. x2
The 17-headed hydra closely misses you.
The 17-headed hydra bites you but does no damage.
The 17-headed hydra barely misses you. The 17-headed hydra closely misses you.
The 17-headed hydra completely misses you.
The 17-headed hydra closely misses you.
The 17-headed hydra bites you but does no damage.
The 17-headed hydra closely misses you.
You chop one of the 17-headed hydra's heads off!
The 16-headed hydra grows two more!
You slash the 18-headed hydra!
The 18-headed hydra is severely wounded.
The 18-headed hydra bites you. The 18-headed hydra misses you.
The 18-headed hydra barely misses you. The 18-headed hydra bites you! x2
The 18-headed hydra bites you but does no damage.
The 18-headed hydra bites you!
* * * LOW HITPOINT WARNING * * *
The 18-headed hydra bites you.
* * * LOW HITPOINT WARNING * * *
The 18-headed hydra misses you.
The 18-headed hydra bites you but does no damage.
The 18-headed hydra closely misses you. The 18-headed hydra bites you!
* * * LOW HITPOINT WARNING * * *
The 18-headed hydra bites you but does no damage.
The 18-headed hydra barely misses you. The 18-headed hydra bites you.
You die...

#....# ### ##### #....#♣♣.♣♣ ∆
#♣...♣ ..##.#♣...♣ #.♣♣♣.
#.#P.#♣♣.♣♣ #.♣ ♣. #....#♣...♣
#.♣♣♣.
..#..#♣♣.♣♣########+########♣...♣
.).#.#♣...♣#.....#...#.♣.♣.#♣...♣
#.#..#.~~~.♣♣...♣♣...♣♣.♣.♣♣.♣♣♣.
..#....~~~...♣.♣@D>ß<'.♣.♣...♣ ♣.
#....#.~~~.♣♣...♣♣...♣♣.♣.♣♣.♣♣♣.
#....#♣...♣#.....#...#.♣.♣.#♣...♣
#†..^#♣♣.♣♣########t########♣...♣
†....#♣...♣ .............♣ #.♣♣♣.
.....#♣♣.♣♣ ♣..♣♣♣♣.♣..♣♣.♣#.♣ ♣.
.....# ... ♣.♣♣..♣ #.♣♣♣. .....#
♣.♣ ♣..♣ #♣...♣ .....#### ♣.♣
♣..♣######


You could see a 18-headed hydra (very poisoned).

Vanquished Creatures
  Gastronok (D:8)
  A minotaur (Gauntlet)
  2 catoblepae
  A hydra (Lair:3)
  A dancing weapon (Volcano)
  A death scarab (Gauntlet)
  6 death yaks
  2 boulder beetles
  2 occultists (Volcano)
  A spectral catoblepas (Gauntlet)
  A skyshark (Lair:3)
  A goliath frog (Lair:3)
  A swamp dragon (Lair:3)
  An orc sorcerer (Volcano)
  4 manticores
  A salamander (Lair:3)
  4 elephants (Gauntlet)
  5 black mambas
  Joseph (D:7)
  5 toenail golems (Volcano)
  15 cane toads
  2 rime drakes
  A gargoyle (D:11)
  2 torpor snails
  8 komodo dragons
  3 trolls
  2 polar bears
  A merfolk (Lair:3)
  2 hornets
  12 blink frogs
  3 dream sheep (D:8)
  A jumping spider (D:5)
  4 shadows
  2 wyverns
  63 yaks
  2 hogs (D:8)
  2 basilisks
  5 humans (Volcano)
  3 steam dragons
  Menkaure (D:6)
  2 vampire mosquitoes (Lair:3)
  5 swamp worms (Lair:3)
  Duvessa (D:7)
  2 acid dragons
  10 water moccasins
  9 orc warriors
  A swamp drake (Lair:3)
  2 ice beasts (D:7)
  4 black bears
  5 ogres
  4 wolves
  8 centaurs
  2 phantoms
  3 kobold brigands
  A lemure (D:5)
  7 bullfrogs
  A gnoll sergeant (D:11)
  2 scorpions (D:4)
  5 wights (D:8)
  Dowan (D:7)
  14 killer bees
  A ballistomycete (D:5)
  3 howler monkeys
  8 electric eels
  3 lava snakes (Lair:3)
  A hound (D:4)
  4 jellies
  A bombardier beetle (D:5)
  11 orc priests
  A sleepcap (D:5)
  Ijyb (D:5)
  Natasha (D:3)
  12 hell rats
  3 orc wizards
  10 gnolls
  8 adders
  4 ribbon worms
  5 dart slugs
  31 orcs
  7 ball pythons
  A bat (D:2)
  8 endoplasms
  3 giant cockroaches
  9 goblins
  6 hobgoblins
  7 jackals
  8 quokkas
  2 frilled lizards
  14 kobolds
  5 rats
443 creatures vanquished.

Vanquished Creatures (collateral kills)
  2 gnolls (D:3)
  A goblin (D:3)
3 creatures vanquished.

Vanquished Creatures (others)
  A black mamba (shapeshifter) (D:6)
  A ballistomycete spore (D:5)
2 creatures vanquished.

Grand Total: 448 creatures vanquished

Notes
Turn   | Place    | Note
-------+----------+-------------------------------------------
     0 | D:1      | PurpleRed the Gnoll Chaos Knight began the quest for the
                  | Orb.
     0 | D:1      | Reached XP level 1. HP: 23/23 MP: 1/1
   160 | D:1      | Reached XP level 2. HP: 27/29 MP: 2/2
   332 | D:1      | XOM: divination: magic mapping
   525 | D:1      | Reached XP level 3. HP: 35/35 MP: 3/3
   789 | D:2      | Reached skill level 1 in Invocations
   852 | D:2      | XOM: silly message
   880 | D:2      | Reached skill level 1 in Long Blades
   880 | D:2      | Reached skill level 1 in Axes
   880 | D:2      | Reached skill level 1 in Maces & Flails
   880 | D:2      | Reached skill level 1 in Polearms
   880 | D:2      | Reached skill level 1 in Staves
   880 | D:2      | Reached skill level 1 in Ranged Weapons
   880 | D:2      | Reached skill level 1 in Throwing
   880 | D:2      | Reached skill level 1 in Stealth
   880 | D:2      | Reached skill level 1 in Shields
   880 | D:2      | Reached skill level 1 in Unarmed Combat
   880 | D:2      | Reached skill level 1 in Spellcasting
   880 | D:2      | Reached skill level 1 in Evocations
  1018 | D:2      | Reached skill level 1 in Shapeshifting
  1018 | D:2      | Reached XP level 4. HP: 35/41 MP: 5/5
  1122 | D:2      | XOM: silly message
  1330 | D:3      | Reached skill level 1 in Conjurations
  1330 | D:3      | Reached skill level 1 in Hexes
  1330 | D:3      | Reached skill level 1 in Summonings
  1330 | D:3      | Reached skill level 1 in Necromancy
  1330 | D:3      | Reached skill level 1 in Translocations
  1330 | D:3      | Reached skill level 1 in Fire Magic
  1330 | D:3      | Reached skill level 1 in Ice Magic
  1330 | D:3      | Reached skill level 1 in Air Magic
  1330 | D:3      | Reached skill level 1 in Earth Magic
  1330 | D:3      | Reached skill level 1 in Alchemy
  1360 | D:3      | XOM: silly message
  1521 | D:3      | Reached XP level 5. HP: 43/47 MP: 5/7
  1550 | D:3      | Noticed an ogre
  1591 | D:3      | XOM: potion effect (might)
  1595 | D:3      | XOM: potion effect (brilliance)
  1857 | D:3      | Found Utebos's Vocational Training.
  2083 | D:3      | Got the Octavo of Wounds
  2121 | D:3      | XOM: potion effect (haste)
  2395 | D:4      | Noticed Natasha
  2398 | D:4      | XOM: enchant monster (bad)
  2407 | D:3      | Killed Natasha
  2408 | D:3      | Reached XP level 6. HP: 53/53 MP: 8/8
  2410 | D:3      | Reached skill level 5 in Armour
  2433 | D:3      | XOM: enchant monster (bad)
  2579 | D:4      | XOM: confusion (+ monsters)
  2586 | D:4      | XOM: swap monsters
  2678 | D:4      | Reached XP level 7. HP: 60/60 MP: 10/10
  2682 | D:4      | XOM: 1-stop teleportation journey
  3019 | D:4      | Identified the maw talisman "Ufrieng" {rElec Slay+2}
  3215 | D:4      | Learned a level 5 spell: Freezing Cloud
  3569 | D:5      | Entered Level 5 of the Dungeon
  3569 | D:5      | XOM: polymorph shadow imp -> lemure
  3898 | D:5      | Reached XP level 8. HP: 67/67 MP: 12/12
  3903 | D:5      | Noticed Ijyb
  3910 | D:5      | Killed Ijyb
  4071 | D:5      | Found Loale's Gadget Gallery.
  4147 | D:5      | a black bear changed into a jumping spider
  4147 | D:5      | Noticed a jumping spider
  4147 | D:5      | XOM: polymorph black bear -> jumping spider
  4157 | D:5      | Killed a jumping spider
  4379 | D:6      | Identified the +3 ring mail of the Vacuum {Dex+2}
  4473 | D:6      | XOM: summons 1 hostile demon
  4490 | D:6      | XOM: smoke on damage
  4700 | D:6      | XOM: blink monster(s)
  4812 | D:6      | XOM: blink monster(s)
  5075 | D:6      | Noticed Menkaure
  5089 | D:6      | Killed Menkaure
  5090 | D:6      | Reached XP level 9. HP: 23/73 MP: 13/15
  5237 | D:6      | XOM: 3-stop teleportation journey
  5331 | D:6      | XOM: 2-stop teleportation journey
  5338 | D:6      | Found a staircase to the Ecumenical Temple.
  5350 | D:6      | Noticed a troll
  5351 | D:6      | Noticed a boulder beetle
  5369 | D:6      | a troll changed into a glowing shapeshifter
  5369 | D:6      | Noticed a glowing shapeshifter (glowing shapeshifter)
  5369 | D:6      | XOM: polymorph troll -> glowing shapeshifter
  5369 | D:6      | a glowing shapeshifter changed into a queen bee
  5369 | D:6      | Noticed a queen bee (glowing shapeshifter)
  5373 | D:6      | a queen bee changed into a polar bear
  5373 | D:6      | Noticed a polar bear (glowing shapeshifter)
  5378 | D:6      | a polar bear changed into a hornet
  5378 | D:6      | Noticed a hornet (glowing shapeshifter)
  5383 | D:6      | a hornet changed into a black mamba
  5383 | D:6      | Noticed a black mamba (glowing shapeshifter)
  5384 | D:6      | Killed a black mamba
  5384 | D:6      | XOM: divine lightning
  5441 | D:6      | Noticed a troll
  5461 | Temple   | Entered the Ecumenical Temple
  5507 | Temple   | Fell from the grace of Xom
  5507 | Temple   | Became a worshipper of Warmaster Okawaru
  5603 | D:6      | Killed a troll
  5604 | D:6      | Reached skill level 5 in Dodging
  5776 | D:6      | Killed a boulder beetle
  5776 | D:6      | Reached * piety under Okawaru
  5777 | D:6      | Reached skill level 5 in Invocations
  6296 | D:7      | Noticed Dowan
  6692 | D:7      | XOM: summons 4 hostile shadow creatures
  6819 | D:7      | Noticed Joseph
  6834 | D:7      | Killed Joseph
  6835 | D:7      | Reached skill level 5 in Long Blades
  6835 | D:7      | Reached skill level 5 in Axes
  6835 | D:7      | Reached skill level 5 in Maces & Flails
  6835 | D:7      | Reached skill level 5 in Polearms
  6835 | D:7      | Reached skill level 5 in Staves
  6835 | D:7      | Reached skill level 5 in Ranged Weapons
  6835 | D:7      | Reached skill level 5 in Throwing
  6835 | D:7      | Reached skill level 5 in Stealth
  6835 | D:7      | Reached skill level 5 in Shields
  6835 | D:7      | Reached skill level 5 in Unarmed Combat
  6835 | D:7      | Reached skill level 5 in Spellcasting
  6835 | D:7      | Reached skill level 5 in Evocations
  6835 | D:7      | Reached XP level 10. HP: 45/81 MP: 15/17
  7025 | D:7      | XOM: give mutations
  7025 | D:7      | Gained mutation: Your muscles are strong. (Str +4, Int/Dex
                  | -1) [Xom's mischief]
  7025 | D:7      | Gained mutation: You are clumsy. (Dex -2) [Xom's mischief]
  7489 | D:7      | XOM: give mutation
  7489 | D:7      | Gained mutation: You are frail. (-10% HP) [Xom's mischief]
  7547 | D:7      | Noticed Duvessa
  7567 | D:7      | Killed Duvessa
  7567 | D:7      | Reached ** piety under Okawaru
  7571 | D:7      | Killed Dowan
  7641 | D:8      | XOM: give mutation
  7641 | D:8      | Lost mutation: You are clumsy. (Dex -2) [Xom's mischief]
  7679 | D:8      | Noticed Gastronok
  7924 | D:8      | XOM: god gift: javelin
  7931 | D:8      | Identified a scroll of acquirement
  7932 | D:8      | Acquired the amulet of Syalala {Acrobat Dex+3}
  8088 | D:8      | Learned a level 3 spell: Dazzling Flash
  8118 | D:8      | Identified the +9 lajatang of Fury {venom, Str+6 Dex+2}
  8242 | D:8      | Found a staircase to the Lair.
  8332 | D:8      | Reached skill level 5 in Shapeshifting
  8513 | D:8      | Killed Gastronok
  8517 | D:8      | XOM: summons 2 hostile demons
  8633 | D:8      | Found a stormy altar of Qazlal.
  8705 | D:8      | Reached *** piety under Okawaru
  8908 | D:9      | Found a runed translucent gate.
  8908 | D:9      | Noticed a manticore
  8908 | D:9      | Noticed a manticore
  8909 | D:9      | Found a runed translucent gate.
  8909 | D:9      | Found a runed translucent gate.
  8911 | D:9      | Noticed a manticore
  8911 | D:9      | Noticed a death yak
  8951 | D:9      | Reached skill level 5 in Conjurations
  8951 | D:9      | Reached skill level 5 in Hexes
  8951 | D:9      | Reached skill level 5 in Summonings
  8951 | D:9      | Reached skill level 5 in Necromancy
  8951 | D:9      | Reached skill level 5 in Translocations
  8951 | D:9      | Reached skill level 5 in Fire Magic
  8951 | D:9      | Reached skill level 5 in Ice Magic
  8951 | D:9      | Reached skill level 5 in Air Magic
  8951 | D:9      | Reached skill level 5 in Earth Magic
  8951 | D:9      | Reached skill level 5 in Alchemy
  9012 | D:9      | Reached XP level 11. HP: 43/80 MP: 20/20
  9499 | D:9      | Learned a level 2 spell: Blink
  9753 | D:9      | Found Onusy's Antique Weapon Shop.
  9855 | D:10     | Entered Level 10 of the Dungeon
 10005 | D:10     | Reached **** piety under Okawaru
 10089 | D:10     | Found a snail-covered altar of Cheibriados.
 10188 | D:10     | Noticed a manticore
 10200 | D:10     | Killed a manticore
 10559 | D:10     | Reached ***** piety under Okawaru
 10775 | D:10     | Learned a level 4 spell: Sticky Flame
 10781 | D:10     | Found a basalt altar of Yredelemnul.
 11118 | D:10     | XOM: give mutations
 11118 | D:10     | Gained mutation: Your health recovers twice as slowly from
                  | being drained. [Xom's mischief]
 11118 | D:10     | Gained mutation: You have supernaturally acute eyesight.
                  | (SInv) [Xom's mischief]
 11118 | D:10     | Lost mutation: Your health recovers twice as slowly from
                  | being drained. [Xom's mischief]
 11118 | D:10     | Lost mutation: You are frail. (-10% HP) [Xom's mischief]
 11258 | D:11     | XOM: 3-stop teleportation journey
 11262 | D:11     | Found a staircase to the Orcish Mines.
 11383 | D:11     | Reached XP level 12. HP: 49/97 MP: 22/22
 11499 | D:11     | Found a gate leading to a gauntlet.
 11510 | Gauntlet | Entered a Gauntlet
 11510 | Gauntlet | Found a transporter.
 11510 | Gauntlet | Found a transporter.
 11511 | Gauntlet | Noticed a death scarab
 11512 | Gauntlet | Found a transporter.
 11513 | Gauntlet | Found a transporter.
 11532 | Gauntlet | Found a transporter.
 11540 | Gauntlet | Found a transporter.
 11544 | Gauntlet | Found a transporter.
 11545 | Gauntlet | XOM: summons 2 hostile demons
 11560 | Gauntlet | Found a transporter.
 11573 | Gauntlet | Noticed a hell beast
 11576 | Gauntlet | Found a transporter.
 11590 | Gauntlet | Found a transporter.
 11594 | Gauntlet | Found a transporter.
 11596 | Gauntlet | Found a runed translucent gate.
 11596 | Gauntlet | Found a runed translucent gate.
 11596 | Gauntlet | Found a runed translucent gate.
 11602 | Gauntlet | Found a transporter.
 11623 | Gauntlet | XOM: summons 1 hostile demon
 11659 | Gauntlet | Killed a death scarab
 11663 | Gauntlet | Received a gift from Okawaru
 11670 | Gauntlet | Identified the +2 hat of the Unbroken {Harm}
 11816 | Gauntlet | Reached skill level 10 in Fighting
 11816 | Gauntlet | Reached skill level 10 in Short Blades
 11969 | Gauntlet | Identified the orb of Autotheism {*channel, Int+5}
 12015 | Gauntlet | Noticed a minotaur
 12027 | Gauntlet | Killed a minotaur
 12398 | D:11     | Noticed a centaur warrior
 12399 | D:11     | Noticed a death knight
 12516 | Lair:1   | Entered Level 1 of the Lair of Beasts
 12535 | Lair:1   | Received a gift from Okawaru
 12606 | Lair:1   | Noticed a catoblepas
 12779 | D:8      | XOM: noise
 12832 | D:8      | HP: 2/95 [hell rat (13)]
 13076 | Lair:1   | Killed a catoblepas
 13101 | Lair:1   | XOM: god gift: 46 gold pieces
 13369 | Lair:1   | XOM: give mutations
 13369 | Lair:1   | Gained mutation: You have a pair of small antennae on your
                  | head. [Xom's mischief]
 13369 | Lair:1   | Lost mutation: Your muscles are strong. (Str +4, Int/Dex
                  | -1) [Xom's mischief]
 13369 | Lair:1   | Gained mutation: Armour fits poorly on your strangely
                  | shaped body. [Xom's mischief]
 13369 | Lair:1   | Gained mutation: You are partially covered in iridescent
                  | scales. (AC +2) [Xom's mischief]
 13396 | Lair:1   | XOM: give mutations
 13396 | Lair:1   | Gained mutation: Your magical capacity is low. (-10% MP)
                  | [Xom's mischief]
 13396 | Lair:1   | Lost mutation: You have a pair of small antennae on your
                  | head. [Xom's mischief]
 13396 | Lair:1   | Lost mutation: Your magical capacity is low. (-10% MP)
                  | [Xom's mischief]
 13396 | Lair:1   | Gained mutation: You have large cloven feet. [Xom's
                  | mischief]
 13833 | Lair:2   | Received a gift from Okawaru
 13834 | Lair:2   | Reached XP level 13. HP: 101/104 MP: 25/25
 14202 | Lair:2   | XOM: give mutations
 14202 | Lair:2   | Gained mutation: You are frail. (-10% HP) [Xom's mischief]
 14202 | Lair:2   | Lost mutation: Armour fits poorly on your strangely shaped
                  | body. [Xom's mischief]
 14337 | Lair:2   | Learned a level 4 spell: Airstrike
 14376 | Lair:2   | XOM: summons 9 hostile demons
 14425 | Lair:2   | XOM: summons 2 hostile shadow creatures
 14425 | Lair:2   | Was forgiven by Xom
 14729 | Lair:2   | Received a gift from Okawaru
 15219 | Lair:3   | Found a shadowy altar of Dithmenos.
 15415 | Lair:3   | Found a shimmering altar of Xom.
 15452 | Lair:3   | Found a dark tunnel.
 15468 | Volcano  | Entered a volcano
 15575 | Volcano  | Reached skill level 10 in Armour
 15685 | Volcano  | Reached ****** piety under Okawaru
 15695 | Volcano  | Received a gift from Okawaru
 15873 | Lair:3   | Acquired the +2 pair of gloves of Sophism {rC+ Dex+2}
 15873 | Lair:3   | Received a gift from Okawaru
 15985 | Lair:3   | Reached XP level 14. HP: 89/101 MP: 21/27
 16049 | Lair:3   | Found a staircase to the Snake Pit.
 16057 | Lair:3   | Gained mutation: You are very frail. (-20% HP) [mutagenic
                  | glow]
 16091 | Lair:3   | Reached skill level 10 in Invocations
 16516 | Lair:3   | Found a staircase to the Shoals.
 17393 | Lair:4   | Received a gift from Okawaru
 17941 | Lair:4   | Received a gift from Okawaru
 17959 | Lair:4   | Reached skill level 10 in Dodging
 18569 | D:9      | Identified the +1 trident "Litaemao" {speed, rF- Str+6}
 18579 | D:9      | Identified the ring of Iseucwijy {Fly rCorr Dex+3 Slay+2}
 18783 | Lair:4   | HP: 3/91 [18-headed hydra (11)]
 18783 | Lair:4   | Slain by an 18-headed hydra

Illustrated notes

Levels and vault maps discovered:
D:1:      minmay_arrival_checkered_box, layout_basic
D:2:      layout_basic, nicolae_twisty_statue_hallways
D:3:      layout_basic, nicolae_shop_vocational
D:4:      layout_loops_ring, uniq_natasha
D:5:      layout_cave_pools, nicolae_shop_gadgets, uniq_ijyb
D:6:      minmay_chambers_of_sixes, layout_basic, temple_fountains,
          hangedman_decor_slide_cut, uniq_menkaure
D:7:      layout_loops_corners, minmay_misc_feat_plants, uniq_joseph,
          uniq_duvessa
D:8:      layout_basic, overflow_temple_1_default, lair_entry_dummy,
          minivault_21, grunt_ministairs_4, uniq_gastronok
D:9:      lemuel_bear_cage, layout_basic, serial_shops, kennysheep_mini
D:10:     layout_basic, lemuel_crystal_altar, cheibrodos_worm_habitat
D:11:     minmay_distorted_concentric_squares, layout_cave_pools, david_orc_4,
          gauntlet_entry_generic, kennysheep_pointless_box,
          nicolae_shop_fire_sale [nicolae_sub_dead_trees], kennysheep_dice
Temple:   compressed_dpeg_triangle_lava_temple
Lair:1:   layout_chaotic_city
Lair:2:   layout_chaotic_city, nicolae_lair_grove_arrangements,
          infiniplex_staircase_pool_2
Lair:3:   onia_ninara_swampy_vault, layout_hall_layers,
          elwin_shoals_entry_rooms, nicolae_snake_entry_warm_welcome,
          basic_altar, nicolae_volcano_entry_lava_flow, lemuel_centaur_altar
Lair:4:   nzn_winding_woodlands_stair_cross [nzn_winding_woodlands_5x15_zeroes,
          nzn_winding_woodlands_center_lodge,
          nzn_winding_woodlands_5x15_sawtooth,
          nzn_winding_woodlands_5x5_checkerboard,
          nzn_winding_woodlands_hourglass, nzn_winding_woodlands_5x15_pockets,
          nzn_winding_woodlands_center_pierced_h,
          nzn_winding_woodlands_5x15_pool], layout_cave_shapes,
          nicolae_lair_yak_garden, lemuel_fruit_fields

Skill      XL: |  1  2  3  4  5  6  7  8  9 10 11 12 13 14 |
---------------+-------------------------------------------+-----
Invocations    | 1 2 3 4 5 6 7 8 9 10 | 10.6
Long Blades    | 1 2 3 4 5 6 7 8 9 |  9.7
Axes           | 1 2 3 4 5 6 7 8 9 |  9.7
Maces & Flails | 1 2 3 4 5 6 7 8 9 |  9.7
Polearms       | 1 2 3 4 5 6 7 8 9 |  9.7
Staves         | 1 2 3 4 5 6 7 8 9 |  9.7
Ranged Weapons | 1 2 3 4 5 6 7 8 9 |  9.7
Throwing       | 1 2 3 4 5 6 7 8 9 |  9.7
Stealth        | 1 2 3 4 5 6 7 8 9 |  9.7
Shields        | 1 2 3 4 5 6 7 8 9 |  9.7
Unarmed Combat | 1 2 3 4 5 6 7 8 9 |  9.7
Spellcasting   | 1 2 3 4 5 6 7 8 9 |  9.7
Evocations     | 1 2 3 4 5 6 7 8 9 |  9.7
Shapeshifting  | 1 2 3 4 5 6 7 8 |  8.9
Conjurations   | 1 2 3 4 5 6 7 8 |  8.1
Hexes          | 1 2 3 4 5 6 7 8 |  8.1
Summonings     | 1 2 3 4 5 6 7 8 |  8.1
Necromancy     | 1 2 3 4 5 6 7 8 |  8.1
Translocations | 1 2 3 4 5 6 7 8 |  8.1
Fire Magic     | 1 2 3 4 5 6 7 8 |  8.1
Ice Magic      | 1 2 3 4 5 6 7 8 |  8.1
Air Magic      | 1 2 3 4 5 6 7 8 |  8.1
Earth Magic    | 1 2 3 4 5 6 7 8 |  8.1
Alchemy        | 1 2 3 4 5 6 7 8 |  8.1
Dodging        | 3 4 5 6 7 8 9 10 | 10.1
Armour         | 5 6 7 8 9 10 | 10.8
Fighting       | 7 8 9 10 11 | 11.7
Short Blades   | 7 8 9 10 11 | 11.7

Action                     |  1- 3 |  4- 6 |  7- 9 | 10-12 | 13-15 || total
---------------------------+-------+-------+-------+-------+-------++-------
  Melee: Short sword       |   129 |    88 |   178 |       |       ||   395
         Bite              |    12 |    12 |    45 |    68 |    70 ||   207
         Flail             |       |    66 |   165 |    99 |       ||   330
         Lajatang          |       |       |       |   403 |   496 ||   899
         Maw               |       |       |       |     1 |       ||     1
  Throw: Javelin           |       |     3 |     3 |       |       ||     6
         Dart              |       |       |    27 |     3 |       ||    30
   Cast: Sticky Flame      |       |       |       |     1 |     2 ||     3
         Dazzling Flash    |       |       |       |     1 |       ||     1
         Airstrike         |       |       |       |       |    14 ||    14
         Freezing Cloud    |       |       |       |       |     7 ||     7
 Invoke: Heroism           |       |       |     1 |     8 |     3 ||    12
         Receive Armour    |       |       |       |       |     1 ||     1
Ability: Begin Untransform |       |       |       |     2 |       ||     2
  Evoke: Wand              |       |       |     8 |     3 |       ||    11
    Use: Scroll            |       |     7 |     7 |    11 |     4 ||    29
         Potion            |       |     3 |     2 |     4 |     1 ||    10
   Stab: Sleeping          |     3 |       |     1 |     7 |     4 ||    15
         Confused          |       |     1 |     1 |       |       ||     2
         Petrifying        |       |       |     1 |       |       ||     1
         Paralysed         |       |       |     1 |       |       ||     1
         Distracted        |       |       |       |     2 |       ||     2
         Petrified         |       |       |       |     2 |       ||     2
         Invisible         |       |       |       |     1 |       ||     1
 Armour: Leather armour    |    41 |    49 |    18 |       |       ||   108
         Ring mail         |       |    41 |   207 |   340 |   121 ||   709
         Skin              |       |       |       |     2 |       ||     2
         Plate armour      |       |       |       |       |   367 ||   367
  Dodge: Dodged            |    42 |    83 |   194 |   376 |   393 ||  1088
   Form: Maw               |       |       |       |     2 |       ||     2

Table legend: (Time is in decaauts)
 A = Elapsed time spent in this place.
 B = Non-inter-level travel time spent in this place.
 C = Inter-level travel time spent in this place.
 D = Time resting spent in this place.
 E = Time spent auto-exploring this place.
 F = Levels seen in this place.
 G = Mean time per level.
                   A        B        C        D        E       F      G
               +--------+--------+--------+--------+--------+-----+--------+
         Total |  18745 |  18101 |    644 |   2247 |   9970 |  18 | 1041.4 |
       Dungeon |  12679 |  12235 |    444 |   1705 |   6864 |  11 | 1152.6 |
        Temple |     56 |     56 |      0 |      0 |      0 |   1 |   56.0 |
          Lair |   5062 |   4862 |    200 |    239 |   3105 |   4 | 1265.5 |
       Volcano |    301 |    301 |      0 |      0 |      0 |   1 |  301.0 |
      Gauntlet |    645 |    645 |      0 |    303 |      0 |   1 |  645.0 |
               +--------+--------+--------+--------+--------+-----+--------+

Top non-repeatable levels by time:
     D:8: 2060 daAuts
  Lair:3: 2001 daAuts
     D:6: 1818 daAuts
    D:10: 1415 daAuts
  Lair:2: 1386 daAuts
     D:7: 1386 daAuts
     D:9: 1136 daAuts
     D:4: 1128 daAuts
     D:3: 1072 daAuts
  Lair:1: 901 daAuts
  Lair:4: 772 daAuts
     D:5: 758 daAuts
     D:2: 676 daAuts
     D:1: 674 daAuts
Gauntlet: 645 daAuts
